 Dungeon Sprint DCSS version 0.17-a0-1570-g74b7129 (webtiles) character file.

2191 tt080 the Nimble (level 9, 0/74 HPs)
             Began as a Troll Air Elementalist on July 23, 2015.
             Was the Champion of Sif Muna.
             Slain by a komodo dragon (24 damage)
             ... in the Dungeon (Sprint IX: "|||||||||||||||||||||||||||||").
             The game lasted 00:04:37 (408 turns).

tt080 the Nimble (Troll Air Elementalist)            Turns: 408, Time: 00:04:37

Health: 0/74       AC: 12    Str: 18    XL:     9   Next: 12%
Magic:  0/18       EV: 13    Int: 17    God:    Sif Muna [******]
Gold:   8          SH:  0    Dex: 10    Spells: 6 memorised, 5 levels left

rFire  . . .     SeeInvis .     n - +2 halberd (protect)
rCold  . . .     Clarity  .     a - +0 robe
rNeg   . . .     SustAt   .     (no shield)
rPois  .         Gourm    +     (helmet restricted)
rElec  .         Spirit   .     (no cloak)
rCorr  .         Warding  .     (gloves unavailable)
rMut   .         NoTele   +     (boots unavailable)
MR     .....                    (no amulet)
Stlth  +.........               r - +2 ring of protection
                                q - +3 ring of intelligence

@: lethally poisoned (0 -> 0), slowed, very slow, not resistant to hostile
enchantments, very unstealthy
A: unfitting armour, claws 3, fast metabolism 3, gourmand, regeneration 2,
shaggy fur 1, tough skin 2
a: Channel Energy, Forget Spell, Renounce Religion


You were in the Dungeon.
You worshipped Sif Muna.
Sif Muna was exalted by your worship.
You were hungry.

You visited 1 branch You collected 8 gold pieces.

Inventory:

Hand weapons
 n - a +2 halberd of protection (weapon)
 v - the cursed +0 spear of the Original Sin {venom, +Inv rN+++ Str-4}
   (You found it in the Dungeon)

   It poisons the flesh of those it strikes.
   It affects your strength (-4).
   It renders you almost immune to negative energy.
   It lets you turn invisible.
   It has a curse placed upon it.
Armour
 a - a +0 robe (worn)
 o - a +0 cloak
 p - a +0 pair of gloves
Magical staves
 m - an uncursed staff of energy
Jewellery
 q - a +3 ring of intelligence (left claw)
 r - a +2 ring of protection (right claw)
Magical devices
 l - a wand of fire (0)
Scrolls
 h - 4 scrolls of remove curse
 i - 3 scrolls of blinking
 k - 2 scrolls of amnesia
 w - 6 scrolls of enchant weapon
Potions
 d - a potion of invisibility
 e - 3 potions of heal wounds
 f - 4 potions of curing
 g - 4 potions of magic
 j - 2 potions of might
 t - 2 potions of cure mutation
 u - a potion of agility
Books
 b - a book of Air

   Spells                             Type                      Level
   a - Shock                          Conjuration/Air              1
   b - Swiftness                      Charms/Air                   2
   c - Repel Missiles                 Charms/Air                   2
   d - Static Discharge               Conjuration/Air              3
   e - Lightning Bolt                 Conjuration/Air              5
 s - Lehudib's Compendium of Attacks
   (Sif Muna gifted it to you in the Dungeon)

   Spells                             Type                      Level
   a - Flame Tongue                   Conjuration/Fire             1
   b - Magic Dart                     Conjuration                  1
   c - Searing Ray                    Conjuration                  2
   d - Mephitic Cloud                 Conjuration/Poison/Air       3
   e - Fulminant Prism                Conjuration/Hexes            4
   f - Iskenderun's Mystic Blast      Conjuration                  4
Comestibles
 c - 2 bread rations


   Skills:
 + Level 8.7 Dodging
 - Level 1.1 Stealth
 - Level 4.2 Unarmed Combat
 + Level 6.7 Spellcasting
 + Level 7.9 Conjurations
 + Level 7.5 Air Magic
 * Level 0.1 Invocations


You had 5 spell levels left.
You knew the following spells:

 Your Spells              Type           Power        Failure   Level  Hunger
a - Shock                 Conj/Air       ####         1%          1    None
b - Repel Missiles        Chrm/Air       ###...       4%          2    None
c - Swiftness             Chrm/Air       ###.....     4%          2    None
d - Static Discharge      Conj/Air       ####....     1%          3    ##.....
e - Lightning Bolt        Conj/Air       ####......   17%         5    #####..
f - Mephitic Cloud        Conj/Pois/Air  ###.....     6%          3    ##.....


Dungeon Overview and Level Annotations

Branches:
Dungeon (1/1)

Altars:
Cheibriados
Dithmenos
Elyvilon
Fedhas
Gozag
Kikubaaqudgha
Makhleb
Nemelex Xobeh
Okawaru
Qazlal
Ru
Sif Muna
Trog
Vehumet
Xom
Yredelemnul
Zin
The Shining One
Beogh
Jiyva
Lugonu


Innate Abilities, Weirdness & Mutations

You are too large for most types of armour.
You have claws for hands.
Your metabolism is lightning-fast.
You like to eat raw meat.
You heal very quickly.
You are covered in fur (AC +1).
You have very tough skin (AC +2).


Message History

* * * LOW MAGIC WARNING * * *
You feel sick. The komodo dragon closely misses you.
The komodo dragon bites you but does no damage.
Use which ability? (? or * to list)
You channel some magical energy.
You feel somewhat more hungry.
You feel sick. The komodo dragon misses you.
Use which ability? (? or * to list)
You channel some magical energy.
You are feeling hungry.
The komodo dragon misses you. The komodo dragon closely misses you.
Casting: Lightning Bolt
Confirm with . or Enter, or press ? or * to list all spells.
Aiming: Lightning Bolt
Press: ? - help, Shift-Dir - straight line, f - komodo dragon
Aim: a komodo dragon (severely wounded)
You miscast Lightning Bolt.
Sif Muna protects you from the effects of your miscast!
* * * LOW MAGIC WARNING * * *
You feel sick. The komodo dragon bites you!!
You die...

▓▓▓▓▓▓▓▓▓▓▓▓▓▓▓▓▓▓▓▓▓▓▓▓
..FwSSl@....!.......'...
▓▓▓▓▓▓▓▓▓▓▓▓▓▓▓▓▓▓▓▓▓▓▓▓▓▓▓▓▓▓▓▓▓
.................................
▓▓▓▓▓▓▓▓▓▓▓▓▓▓▓▓▓▓▓▓▓▓▓▓▓▓▓▓▓▓▓▓▓
___________________'....†'.....÷.
▓▓▓▓▓▓▓▓▓▓▓▓▓▓▓▓▓▓▓▓▓▓▓▓▓▓▓▓▓▓▓▓▓


You could see a torpor snail, a komodo dragon, a blink frog and 2 water
moccasins.

Vanquished Creatures
  2 hill giants (D)
  A black mamba (D)
  A spiny frog (D)
  A deep elf mage (D)
  2 wyverns (D)
  A giant frog (D)
  A scorpion (D)
  A hound (D)
  A crimson imp (D)
  2 worker ants (D)
  A river rat (D)
  A giant gecko (D)
  2 orcs (D)
  A bat (D)
  A goblin (D)
  2 jackals (D)
  2 kobolds (D)
  A giant cockroach zombie (D)
  2 rats (D)
26 creatures vanquished.

Notes
Turn   | Place    | Note
--------------------------------------------------------------
     0 | D        | tt080 the Troll Air Elementalist began the quest for the Orb.
     0 | D        | Reached XP level 1. HP: 16/16 MP: 1/1
     9 | D        | Reached skill level 1 in Conjurations
    12 | D        | Reached skill level 1 in Unarmed Combat
    36 | D        | Noticed a scorpion
    36 | D        | Noticed a crimson imp
    36 | D        | Noticed a worker ant
    36 | D        | Noticed a hound
    51 | D        | Killed a hound
    51 | D        | Reached XP level 2. HP: 18/24 MP: 4/4
    51 | D        | Reached XP level 3. HP: 23/31 MP: 5/5
    54 | D        | Killed a worker ant
    54 | D        | Reached skill level 3 in Dodging
    54 | D        | Reached XP level 4. HP: 27/39 MP: 6/6
    56 | D        | Killed a scorpion
    89 | D        | Killed a crimson imp
    89 | D        | Reached skill level 4 in Dodging
    89 | D        | Reached XP level 5. HP: 26/45 MP: 8/8
    95 | D        | Found a glowing silver altar of Zin.
    95 | D        | Found a glowing golden altar of the Shining One.
    95 | D        | Found an ancient bone altar of Kikubaaqudgha.
    95 | D        | Found a basalt altar of Yredelemnul.
    95 | D        | Found a shimmering altar of Xom.
    95 | D        | Found a radiant altar of Vehumet.
    96 | D        | Found an iron altar of Okawaru.
    97 | D        | Found a burning altar of Makhleb.
    98 | D        | Found a deep blue altar of Sif Muna.
    99 | D        | Found a bloodstained altar of Trog.
   100 | D        | Found a sparkling altar of Nemelex Xobeh.
   101 | D        | Found a white marble altar of Elyvilon.
   102 | D        | Found a roughly hewn altar of Beogh.
   103 | D        | Found a viscous altar of Jiyva.
   104 | D        | Found a corrupted altar of Lugonu.
   105 | D        | Found a blossoming altar of Fedhas.
   106 | D        | Became a worshipper of Sif Muna the Loreminder
   107 | D        | Found a snail-covered altar of Cheibriados.
   108 | D        | Found a shadowy altar of Dithmenos.
   109 | D        | Found a stormy altar of Qazlal.
   110 | D        | Found an opulent altar of Gozag.
   111 | D        | Found a sacrificial altar of Ru.
   145 | D        | Learned a level 2 spell: Repel Missiles
   148 | D        | Learned a level 2 spell: Swiftness
   152 | D        | Learned a level 3 spell: Static Discharge
   152 | D        | Noticed a wyvern
   152 | D        | Noticed a hill giant
   178 | D        | Killed a hill giant
   178 | D        | Acquired Sif Muna's first power
   178 | D        | Acquired Sif Muna's second power
   178 | D        | Reached skill level 6 in Dodging
   178 | D        | Reached skill level 5 in Conjurations
   178 | D        | Reached skill level 5 in Air Magic
   178 | D        | Reached XP level 6. HP: 29/53 MP: 5/12
   178 | D        | Reached XP level 7. HP: 32/59 MP: 5/13
   180 | D        | Killed a wyvern
   180 | D        | Acquired Sif Muna's third power
   180 | D        | Reached skill level 5 in Spellcasting
   210 | D        | Noticed a hill giant
   210 | D        | Noticed a worker ant
   210 | D        | Noticed a deep elf mage
   210 | D        | Noticed a wyvern
   241 | D        | Learned a level 5 spell: Lightning Bolt
   246 | D        | Killed a worker ant
   248 | D        | Killed a deep elf mage
   248 | D        | Reached skill level 7 in Dodging
   249 | D        | Killed a wyvern
   249 | D        | Reached XP level 8. HP: 31/67 MP: 1/15
   250 | D        | Killed a hill giant
   250 | D        | Received a gift from Sif Muna
   250 | D        | Reached skill level 8 in Dodging
   251 | D        | Identified Lehudib's Compendium of Attacks (Sif Muna gifted it to you in the Dungeon)
   256 | D        | Learned a level 3 spell: Mephitic Cloud
   376 | D        | Got the cursed +0 spear of the Original Sin {venom, +Inv rN+++ Str-4}
   388 | D        | Noticed a water moccasin
   388 | D        | Noticed a komodo dragon
   388 | D        | Noticed a spiny frog
   388 | D        | Noticed a giant frog
   388 | D        | Noticed a black mamba
   389 | D        | Killed a giant frog
   391 | D        | Noticed a water moccasin
   392 | D        | Noticed a blink frog
   396 | D        | Killed a black mamba
   399 | D        | Noticed a torpor snail
   401 | D        | Killed a spiny frog
   401 | D        | Reached XP level 9. HP: 23/74 MP: 0/18
   408 | D        | Slain by a komodo dragon

Vault maps used:
D:        linesprint

Action                   |  1- 3 |  4- 6 |  7- 9 || total
-------------------------+-------+-------+-------++-------
Melee: Unarmed           |    24 |    23 |       ||    47
 Cast: Shock             |     2 |     3 |     6 ||    11
       Swiftness         |       |     1 |       ||     1
       Lightning Bolt    |       |       |     6 ||     6
Invok: Channel Energy    |       |       |    15 ||    15
Evoke: Wand              |       |     2 |     5 ||     7
  Use: Potion            |     3 |       |       ||     3
  Eat: Chunk             |       |       |     6 ||     6
